 Dungeon Crawl Stone Soup version 0.16.1-11-g651b585 (webtiles) character file.

637 Krapule the Ducker (level 7, -1/67 HPs)
             Began as a Troll Transmuter on Mar 30, 2015.
             Killed by divine providence
             ... invoked by an orc priest
              (13 damage)
             ... on level 4 of the Dungeon.
             The game lasted 00:12:35 (2886 turns).

Krapule the Ducker (Troll Transmuter)               Turns: 2886, Time: 00:12:36

Health: -1/67      AC:  5    Str: 19    XL:     7   Next: 25%
Magic:  9/10       EV: 11    Int: 10    God:
Gold:   142        SH:  0    Dex: 13    Spells: 1 memorised, 11 levels left

rFire  . . .     SeeInvis .       - Unarmed
rCold  . . .     Clarity  .     c - +0 robe
rNeg   . . .     SustAb   .     (shield restricted)
rPois  .         Gourm    +     (helmet restricted)
rElec  .         Spirit   .     (no cloak)
rCorr  .         Warding  .     (gloves unavailable)
rMut   +         Rnd*Tele +     (boots unavailable)
MR     .....                    i - amulet of resist mutation (curse)
Stlth  +.........               w - +2 ring of dexterity
                                h - ring of teleportation (curse)

@: not resistant to hostile enchantments, very unstealthy
A: unfitting armour, claws 3, fast metabolism 3, gourmand, regeneration 2,
shaggy fur 1, tough skin 2, wild magic 1
a: Evoke Teleportation


You were on level 4 of the Dungeon.
You were very full.

You visited 1 branch of the dungeon, and saw 4 of its levels.

You collected 142 gold pieces.

Inventory:

Missiles
 b - 105 arrows
Armour
 c - a +0 robe (worn)
Jewellery
 h - a cursed ring of teleportation (left claw)
 i - a cursed amulet of resist mutation (around neck)
 o - an uncursed ring of fire
 w - a +2 ring of dexterity (right claw)
Magical devices
 j - a wand of frost (28)
 v - a wand of confusion (27)
 B - a wand of paralysis (5)
Scrolls
 e - 3 scrolls of recharging {unknown}
 f - a scroll of random uselessness {unknown}
 g - 3 scrolls of teleportation {unknown}
 k - a scroll of blinking {unknown}
 p - 2 scrolls of remove curse {unknown}
 q - 4 scrolls of identify {unknown}
 y - a scroll of noise {unknown}
 A - a scroll of amnesia {unknown}
Potions
 l - a potion of heal wounds
 m - a potion of curing
 r - a potion of berserk rage {unknown}
 u - a potion of degeneration {unknown}
 x - a potion of haste {unknown}
 z - a potion of invisibility {unknown}
Books
 d - a book of Changes

   Spells                             Type                      Level
   a - Beastly Appendage              Transmutation                1
   b - Sticks to Snakes               Transmutation                2
   c - Spider Form                    Transmutation/Poison         3
   d - Ice Form                       Ice/Transmutation            4
   e - Blade Hands                    Transmutation                5
Comestibles
 a - 3 meat rations
 n - a slice of pizza
 s - a bread ration
 t - 2 beef jerkies


   Skills:
 + Level 3.5 Fighting
 + Level 3.9 Dodging
 - Level 3.0 Unarmed Combat
 + Level 3.0 Spellcasting
 - Level 2.0 Transmutations


You had 11 spell levels left.
You knew the following spells:

 Your Spells              Type           Power        Failure   Level  Hunger
a - Beastly Appendage     Trmt           #.....       26%         1    #......


Dungeon Overview and Level Annotations

Branches:
Dungeon (4/15)             Temple (0/1) D:4

Altars:
Okawaru
Trog


Innate Abilities, Weirdness & Mutations

You are too large for most types of armour.
You have claws for hands.
Your metabolism is lightning-fast.
You like to eat raw meat.
You heal very quickly.
You are covered in fur (AC +1).
You have very tough skin (AC +2).
Your spells are a little harder to cast, but a little more powerful.


Message History

The orc wizard points at you and mumbles some strange words.
The magic dart hits you!
* * * LOW HITPOINT WARNING * * *
You scratch the orc wizard.
You kill the orc wizard!
Your Spellcasting skill increases to level 3!
The orc priest hits you with a hand axe.
* * * LOW HITPOINT WARNING * * *
The orc closely misses you.
You scratch the orc priest.
The orc priest begins to bleed from its wounds!
The orc priest is lightly wounded.
The orc priest hits you with a hand axe.
* * * LOW HITPOINT WARNING * * *
The orc closely misses you.
You scratch the orc priest.
The orc priest is heavily wounded.
The orc priest mumbles some strange prayers to Beogh against you.
Something smites you!
You die...

##..............................
###.##..........P..........P.....
##......#........P.P.........P...
........##....)..P....PPP........
....##..................P.P......
÷...###.........PP...............
..#.###......P÷....PP.....PP.....
.....##..#..÷.P......8....P......
#..#.##........o@.......P..P.....
##......##.....))oPP⌠...⌠.PP.....
#......##.P.P.PP⌠.PP>..P..P.....
##.....##....P?.....PPPP..P.PP..
#.#...#.....P........PP........
..####.......P..P..⌠....P...P...
#.# #.......P...P..P...........
#. #..#..P..PP.P..P.PP.PP.....
..#####..#.......P...P.......P...


You could see an orc priest (bleeding) and an orc.

Vanquished Creatures
  The ghost of EmilioHeskey the Skirmisher, an average OpBe of Trog (D:3)
  2 ogres
  2 orc priests (D:4)
  2 orc wizards
  A worker ant (D:3)
  Natasha (thrice) (D:4)
  An iguana (D:4)
  Jessica (D:2)
  8 adders
  2 worms
  5 giant geckos
  10 orcs (D:3)
  5 bats
  A bat skeleton (D:4)
  A giant cockroach (D:1)
  8 hobgoblins
  10 jackals
  2 quokkas
  5 giant newts
  8 goblins
  6 kobolds
  13 rats
97 creatures vanquished.

Notes
Turn   | Place    | Note
--------------------------------------------------------------
     0 | D:1      | Krapule, the Troll Transmuter, began the quest for the Orb.
     0 | D:1      | Reached XP level 1. HP: 18/18 MP: 2/2
    41 | D:1      | Reached skill level 1 in Fighting
   261 | D:1      | Reached XP level 2. HP: 21/27 MP: 2/2
   614 | D:1      | Reached XP level 3. HP: 31/33 MP: 3/3
   811 | D:2      | Found an iron altar of Okawaru.
   859 | D:2      | Noticed Jessica
   862 | D:2      | Killed Jessica
  1031 | D:2      | Reached XP level 4. HP: 42/42 MP: 4/4
  1679 | D:3      | Noticed EmilioHeskey's ghost (average OpBe)
  1726 | D:3      | Noticed an ogre
  1736 | D:2      | Killed an ogre
  1736 | D:2      | Reached XP level 5. HP: 24/49 MP: 4/6
  2067 | D:3      | Reached XP level 6. HP: 49/59 MP: 8/8
  2136 | D:3      | Killed EmilioHeskey's ghost
  2473 | D:4      | Noticed a rust devil
  2580 | D:4      | Noticed an angel
  2588 | D:4      | Noticed Natasha
  2602 | D:4      | Killed Natasha
  2636 | D:4      | Found a staircase to the Ecumenical Temple.
  2714 | D:4      | Noticed Natasha
  2717 | D:4      | Killed Natasha
  2717 | D:4      | Reached XP level 7. HP: 67/67 MP: 9/9
  2735 | D:4      | Gained mutation: Your spells are a little harder to cast, but a little more powerful. [potion of mutation]
  2797 | D:4      | Found a bloodstained altar of Trog.
  2858 | D:4      | Noticed Natasha
  2867 | D:4      | Killed Natasha
  2886 | D:4      | Killed from afar by an orc priest

Action                   |  1- 3 |  4- 6 |  7- 9 || total
-------------------------+-------+-------+-------++-------
Melee: Unarmed           |    92 |   196 |    45 ||   333
Evoke: Wand              |       |     4 |       ||     4
  Use: Potion            |       |     1 |     2 ||     3
  Eat: Chunk             |     8 |    21 |     2 ||    31
